Map: Orbital Shipyard

Players

EJK - Winner!

  • Race: Terran Terran
  • League: Grandmaster

Haffey

  • Race: Protoss Protoss
  • League: Grandmaster

VOD

Have the link to the VOD?

Description

Time

  • Played on: Feb. 8, 2016, 1:19 p.m.
  • Length: 26:37
Show
View Real Time Build Order
Export as new Build Order

EJK Terran - Winner!

Build Orders: Cyclone Opening, Mech 

Get SALT Encoding   

  12  0:00  SCV  
  13  0:17  Supply Depot, SCV  
  14  0:27  Refinery  
  14  0:30  SCV  
  15  0:42  SCV  
  16  0:45  Barracks  
  16  0:54  SCV  
  17  1:06  SCV  
  18  1:18  SCV  
  19  1:32  Marine  
  19  1:33  Orbital Command  
  19  1:34  Factory  
  20  2:00  SCV  
  21  2:02  Command Center  
  21  2:07  Supply Depot  
  21  2:12  SCV  
  21  2:14  Marine  
  23  2:29  SCV  
  24  2:32  Marine  
  24  2:33  Factory Tech Lab  
  25  2:37  Refinery  
  25  2:41  SCV  
  26  2:50  Marine  
  27  2:51  Cyclone  
  27  2:53  SCV  
  27  2:57  Supply Depot  
  31  3:14  Orbital Command, SCV, Marine  
  33  3:23  Cyclone  
  33  3:26  SCV  
  37  3:32  Marine  
  38  3:41  SCV x2  
  40  3:45  Factory  
  40  3:51  Barracks Reactor  
  40  3:52  Supply Depot  
  40  3:53  SCV x2  
  42  3:56  Hellion, Refinery  
  44  4:05  SCV x2  
  46  4:17  SCV x2  
  46  4:22  Starport  
  48  4:25  Refinery  
  48  4:29  SCV x2, Engineering Bay  
  50  4:34  Cyclone  
  53  4:39  Widow Mine x2  
  53  4:41  SCV x2  
  53  4:44  Supply Depot  
  59  4:53  SCV x2  
  59  4:59  Starport Tech Lab, Command Center  
  61  5:05  SCV  
  61  5:06  SCV  
  63  5:08  Widow Mine, Siege Tank  
  68  5:16  Supply Depot  
  68  5:17  SCV, Cloaking Field  
  68  5:18  SCV  
  70  5:25  Factory, Barracks Tech Lab  
  70  5:31  Supply Depot  
  70  5:37  Banshee, SCV  
  70  5:38  Supply Depot, SCV  
  75  5:43  Siege Tank  
  78  5:52  SCV x2  
  78  5:53  Widow Mine x2  
  82  6:00  Missile Turret  
  82  6:02  Missile Turret  
  82  6:06  Supply Depot, SCV  
  82  6:07  SCV  
  82  6:09  Missile Turret  
  82  6:11  Orbital Command  
  84  6:20  Banshee  
  84  6:25  Siege Tank x2  
  93  6:27  Hellion  
  93  6:28  Orbital Command, Hellion  
  97  6:38  Factory  
  97  6:39  Factory  
  97  6:40  SCV x2  
  97  6:44  Supply Depot  
  99  6:52  SCV x2, Refinery  
  101  6:56  Refinery  
  101  7:01  Siege Tank x2, Hellion x2, SCV  
  111  7:04  SCV  
  113  7:09  SCV  
  113  7:13  SCV  
  115  7:16  SCV  
  115  7:17  Armory  
  115  7:20  Starport Reactor  
  115  7:21  SCV  
  117  7:24  Factory Reactor  
  117  7:25  SCV  
  117  7:28  SCV  
  119  7:31  Supply Depot  
  119  7:33  SCV  
  120  7:38  Siege Tank x2, SCV, Hellion  
  125  7:48  Missile Turret  
  125  7:51  Supply Depot  
  125  7:52  Siege Tank, SCV x3, Hellion  
  133  8:10  SCV  
  131  8:17  Terran Vehicle Weapons Level 1  
  131  8:19  Siege Tank x2, Viking x2  
  138  8:21  Hellion, Command Center  
  138  8:24  Supply Depot  
  140  8:35  Supply Depot  
  140  8:36  Supply Depot x2  
  140  8:37  Siege Tank, Hellion x3  
  140  8:39  Sensor Tower  
  149  8:47  Missile Turret  
  149  8:49  Viking x2  
  149  8:51  Siege Tank  
  156  8:56  Infernal Pre-Igniter  
  156  8:57  Hellion  
  156  8:58  Hellion x3  
  164  9:10  Supply Depot  
  164  9:11  Supply Depot  
  164  9:13  Siege Tank  
  167  9:19  Viking x2  
  167  9:20  Hellion  
  167  9:21  Hellion x2  
  167  9:39  Siege Tank x2  
  167  9:42  Hellion x4  
  167  9:45  Siege Tank  
  171  9:48  Viking  
  149  10:03  Hellion  
  149  10:06  Hellion  
  149  10:07  Hellion x2  
  133  10:11  Siege Tank  
  133  10:12  Siege Tank  
  124  10:17  Siege Tank  
  124  10:18  Planetary Fortress  
  127  10:22  Terran Vehicle Weapons Level 2  
  127  10:30  Command Center  
  127  10:35  Armory  
  127  10:45  Siege Tank x2  
  127  10:49  Hellion x2  
  135  10:52  Hellion  
  137  11:00  Refinery x2  
  137  11:04  Barracks Reactor  
  137  11:05  SCV x4  
  137  11:06  Siege Tank  
  137  11:09  Starport  
  142  11:16  Hellion x3  
  142  11:17  Hellion  
  148  11:25  Missile Turret  
  148  11:30  Siege Tank x2  
  152  11:33  Viking  
  152  11:35  Viking  
  152  11:38  Terran Vehicle And Ship Armor Level 1, Siege Tank  
  157  11:44  Orbital Command  
  157  11:55  Hellion x2  
  157  11:58  Hellion  
  163  12:02  Siege Tank x2  
  163  12:05  Viking x2  
  173  12:19  Hellion x2  
  171  12:24  Siege Tank  
  171  12:27  Hellion x2  
  175  12:30  Command Center  
  175  12:33  Viking  
  175  12:34  Viking  
  179  12:44  Viking  
  179  12:46  Siege Tank  
  179  12:48  Terran Ship Weapons Level 1  
  184  12:53  Siege Tank  
  185  13:06  Siege Tank  
  177  13:20  Siege Tank  
  177  13:22  Hellion  
  177  13:23  Hellion x3  
  177  13:25  Siege Tank  
  166  13:29  Viking x3  
  167  13:38  Siege Tank  
  167  13:40  Viking  
  167  13:52  Siege Tank  
  167  13:54  Hellion x3  
  167  13:55  Hellion  
  137  13:57  Siege Tank  
  137  13:59  Viking x2  
  137  14:00  Planetary Fortress  
  142  14:05  Terran Vehicle And Ship Armor Level 2  
  142  14:10  Siege Tank, Refinery  
  142  14:13  Viking  
  142  14:14  Viking  
  142  14:15  Refinery  
  149  14:29  Siege Tank x2, Viking  
  157  14:34  Hellion x2  
  161  14:43  Siege Tank  
  162  14:46  Viking  
  162  14:47  Viking x2  
  168  14:56  Terran Ship Weapons Level 2  
  168  15:01  Siege Tank  
  168  15:06  Siege Tank  
  172  15:15  Siege Tank  
  172  15:16  Command Center  
  175  15:26  Hellion x3  
  175  15:27  Hellion  
  177  15:30  Viking  
  177  15:33  Siege Tank, Viking  
  180  15:37  Viking  
  180  15:38  Siege Tank  
  181  15:47  Siege Tank  
  184  15:58  Command Center, Hellion  
  184  16:00  Hellion x2  
  184  16:01  Hellion, Viking  
  184  16:03  Viking  
  194  16:06  Viking  
  194  16:10  Viking  
  198  16:31  Viking  
  198  16:41  Terran Vehicle And Ship Armor Level 3, Starport x2  
  198  16:43  Fusion Core  
  188  16:57  Siege Tank x3  
  170  17:29  Siege Tank x3  
  161  17:36  Viking x3  
  161  17:37  Viking  
  163  17:42  Planetary Fortress  
  157  17:46  Command Center  
  157  17:52  Starport Tech Lab  
  157  17:53  Terran Ship Weapons Level 3, Refinery  
  157  17:55  Hellion x2  
  157  17:56  Starport Tech Lab, Hellion x2, Refinery  
  165  18:01  Siege Tank x3  
  174  18:09  Orbital Command  
  174  18:11  Command Center  
  174  18:16  Missile Turret  
  174  18:19  Banshee x2, Viking  
  155  18:20  Viking x2  
  186  18:33  Siege Tank  
  186  18:44  Hellion  
  186  18:48  Hyperflight Rotors  
  182  18:53  Viking  
  182  18:55  Viking x2  
  185  18:56  Hellion x3  
  185  18:57  Hellion  
  185  19:01  Banshee  
  193  19:48  Viking x5  
  187  20:01  Viking  
  187  20:18  Viking x5  
  174  20:31  Viking  
  174  20:33  Siege Tank x2  
  174  20:34  Siege Tank  
  182  20:39  Hellion x2  
  182  20:40  Hellion x2  
  187  20:48  Viking x5  
  192  21:01  Hellion, Viking  
  185  21:17  Viking  
  185  21:18  Viking x4  
  158  21:28  Siege Tank x3  
  158  21:29  Hellion x4  
  158  21:31  Viking  
  157  21:47  Viking  
  157  21:48  Viking  
  157  21:51  Orbital Command  
  161  22:06  Sensor Tower  
  161  22:15  Siege Tank x3  
  167  22:18  Hellion x4  
  171  22:30  Refinery  
  171  22:31  Refinery  
  170  22:42  Hellion x4  
  178  22:47  Siege Tank x3  
  158  23:17  Hellion x4  
  158  23:19  Siege Tank x2  
  70  23:41  Viking  
  70  23:43  Cyclone  
  70  23:44  Hellion x2  
  70  23:46  Hellion  
  70  23:47  Hellion x2  
  78  23:51  Cyclone x2  
  84  23:58  Liberator  
  84  23:59  Liberator  
  82  24:04  Planetary Fortress  
  82  24:12  Mag-Field Accelerator  
  88  24:17  Hellion  
  88  24:18  Hellion  
  88  24:23  Refinery  
  92  24:27  Hellion x2  
  96  24:33  Hellion  
  101  24:45  Hellion x4  
  109  24:48  Hellion, Missile Turret  
  109  24:49  Hellion  
  113  24:57  Cyclone  
  113  25:06  Cyclone, Hellion x3  
  122  25:10  Hellion  
  120  25:29  Cyclone x2  
  120  25:30  Hellion x3  
  120  25:31  Hellion  
  134  25:36  Missile Turret  
  128  25:56  Orbital Command  
  128  25:57  Cyclone  
  128  26:01  Cyclone  
  109  26:15  Hellion x2  
Show
View Real Time Build Order
Export as new Build Order

Haffey Protoss 

Build Orders: 1 Gate Expand, Oracle Opening, Phoenix Opening 

Get SALT Encoding   

  12  0:02  Probe (Chrono Boost)  
  13  0:13  Probe (Chrono Boost)  
  14  0:17  Pylon  
  14  0:25  Probe (Chrono Boost)  
  16  0:35  Probe (Chrono Boost)  
  16  0:38  Gateway  
  16  0:44  Assimilator  
  16  0:47  Probe (Chrono Boost)  
  17  0:58  Probe (Chrono Boost)  
  18  1:09  Probe (Chrono Boost)  
  19  1:23  Nexus  
  19  1:27  Probe (Chrono Boost)  
  20  1:37  Cybernetics Core  
  20  1:40  Probe (Chrono Boost)  
  21  1:50  Pylon  
  21  1:51  Probe (Chrono Boost)  
  22  1:54  Assimilator  
  23  2:01  Probe (Chrono Boost)  
  23  2:14  Adept  
  25  2:15  Warp Gate  
  25  2:16  Probe (Chrono Boost)  
  26  2:26  Probe (Chrono Boost)  
  27  2:35  Probe (Chrono Boost)  
  29  2:37  Probe (Chrono Boost)  
  29  2:40  Stargate  
  29  2:44  Adept  
  29  2:46  Probe (Chrono Boost)  
  29  2:47  Probe (Chrono Boost)  
  33  2:56  Probe (Chrono Boost)  
  33  2:58  Probe (Chrono Boost)  
  35  3:07  Probe (Chrono Boost)  
  35  3:08  Probe (Chrono Boost), Pylon  
  35  3:12  Gateway  
  37  3:13  Gateway  
  37  3:17  Probe (Chrono Boost)  
  37  3:19  Probe (Chrono Boost)  
  39  3:23  Oracle (Chrono Boost)  
  42  3:29  Probe  
  42  3:30  Mothership Core  
  45  3:40  Probe  
  45  3:46  Nexus  
  46  3:51  Probe  
  46  3:52  Probe  
  46  3:55  Phoenix (Chrono Boost)  
  50  4:02  Pylon  
  50  4:04  Probe  
  50  4:06  Probe  
  50  4:08  Pylon  
  52  4:17  Phoenix (Chrono Boost)  
  54  4:19  Assimilator  
  54  4:20  Assimilator  
  54  4:25  Probe  
  54  4:26  Twilight Council  
  54  4:29  Probe  
  54  4:31  Pylon  
  56  4:37  Probe  
  57  4:39  Probe  
  57  4:45  Phoenix (Chrono Boost)  
  57  4:49  Probe  
  57  4:50  Probe  
  59  4:55  Pylon  
  59  4:56  Probe  
  60  5:01  Probe x2  
  60  5:03  Gateway x2  
  60  5:04  Resonating Glaives  
  62  5:07  Probe  
  62  5:11  Probe  
  62  5:12  Oracle (Chrono Boost)  
  62  5:13  Probe  
  68  5:17  Probe  
  68  5:19  Assimilator  
  69  5:22  Probe  
  69  5:24  Assimilator  
  69  5:25  Probe  
  69  5:28  Probe, Pylon  
  71  5:31  Adept x2  
  71  5:32  Probe  
  77  5:37  Probe  
  77  5:40  Robotics Facility  
  77  5:41  Probe  
  79  5:44  Forge  
  79  5:45  Phoenix (Chrono Boost)  
  79  5:46  Probe  
  83  5:50  Probe  
  83  5:51  Probe  
  83  5:56  Probe  
  84  5:57  Pylon  
  84  5:58  Forge  
  84  6:03  Adept x2  
  89  6:04  Probe  
  89  6:10  Probe  
  90  6:16  Templar Archives  
  90  6:18  Protoss Ground Armor Level 1 (Chrono Boost)  
  91  6:19  Adept x2, Probe  
  96  6:28  Photon Cannon  
  96  6:31  Protoss Ground Weapons Level 1 (Chrono Boost)  
  96  6:33  Observer  
  96  6:36  Photon Cannon  
  97  6:42  Phoenix  
  97  6:43  Probe  
  97  6:45  Probe  
  101  6:50  Pylon  
  101  6:51  Psionic Storm, Photon Cannon  
  101  6:54  Immortal  
  101  6:57  Adept x3  
  111  7:11  Robotics Facility  
  111  7:15  Pylon  
  111  7:27  High Templar x3  
  117  7:31  Nexus  
  117  7:32  Pylon  
  117  7:34  Immortal  
  117  7:35  Assimilator  
  121  7:38  Pylon  
  121  7:52  Gateway  
  121  7:53  Gateway  
  120  8:03  Gateway  
  120  8:05  Gateway  
  115  8:07  Probe x2  
  115  8:10  Probe  
  115  8:19  Probe  
  115  8:20  Probe  
  115  8:25  Immortal x2  
  124  8:27  Protoss Ground Armor Level 2 (Chrono Boost), Protoss Ground Weapons Level 2 (Chrono Boost)  
  124  8:31  Assimilator  
  124  8:32  Probe  
  125  8:34  Photon Cannon  
  125  8:38  Probe  
  125  8:40  Fleet Beacon  
  125  8:41  Stargate  
  126  8:47  Charge  
  126  8:50  Probe x2  
  126  8:52  Probe, Pylon  
  129  8:58  Photon Cannon  
  129  9:01  Photon Cannon  
  129  9:02  Probe x3  
  131  9:04  Photon Cannon  
  131  9:09  Immortal x2  
  140  9:18  Adept x4  
  146  9:27  High Templar x3  
  132  9:42  Archon  
  132  9:45  Archon  
  119  9:46  Archon, Adept x4  
  119  9:49  Immortal x2  
  88  10:14  Adept x4  
  88  10:15  High Templar x2, Adept  
  88  10:17  Probe  
  88  10:19  Probe x2  
  105  10:28  Immortal x2  
  113  10:32  Nexus  
  112  10:44  Probe  
  112  10:46  Probe x2  
  113  10:50  Pylon  
  113  10:56  Blink  
  111  10:57  Tempest  
  111  10:58  Tempest, Protoss Ground Weapons Level 3 (Chrono Boost), Protoss Ground Armor Level 3 (Chrono Boost)  
  111  11:03  Pylon  
  119  11:06  High Templar x2, Zealot x4  
  131  11:11  Archon  
  131  11:16  Probe  
  131  11:17  Probe x2  
  134  11:21  Pylon  
  134  11:23  Assimilator  
  134  11:24  High Templar x2  
  137  11:27  Assimilator  
  137  11:31  Probe  
  137  11:32  Probe  
  137  11:41  Archon  
  137  11:43  Immortal x2  
  137  11:44  Tempest  
  137  11:46  Tempest  
  153  11:52  Zealot x4  
  159  12:20  High Templar x4, Photon Cannon  
  165  12:24  Photon Cannon  
  165  12:27  Photon Cannon  
  165  12:30  Immortal x2  
  165  12:31  Photon Cannon  
  173  12:37  Stalker x3  
  173  12:41  Archon x2  
  177  12:50  Tempest x2  
  185  12:56  Probe  
  185  13:07  Zealot x4  
  185  13:08  Zealot x3  
  185  13:10  Observer  
  183  13:26  Stalker  
  154  13:34  Stalker x6  
  139  14:00  Tempest  
  143  14:03  High Templar x2  
  143  14:04  High Templar  
  143  14:06  High Templar  
  143  14:07  Nexus  
  143  14:08  Archon  
  151  14:11  Archon  
  151  14:13  High Templar x2  
  151  14:14  Nexus  
  151  14:17  Tempest, Observer (Chrono Boost)  
  156  14:19  Archon  
  160  14:26  Assimilator  
  160  14:29  Pylon  
  160  14:40  Photon Cannon  
  158  14:56  Oracle  
  156  15:00  Oracle  
  156  15:04  Probe  
  156  15:05  Stargate, Probe  
  156  15:06  Probe x2  
  166  15:15  Probe  
  166  15:16  Photon Cannon  
  166  15:18  Probe  
  164  15:27  Stalker  
  164  15:28  Stalker x3  
  168  15:39  Probe  
  168  15:41  Tempest, Probe x2  
  169  15:45  Tempest  
  169  15:49  Probe  
  177  15:51  Probe  
  177  16:08  Tempest  
  181  16:18  Tempest  
  179  16:19  Stalker x4  
  179  16:24  Pylon  
  190  16:26  Probe  
  190  16:27  Probe x2, Pylon  
  190  16:28  Probe  
  193  16:39  Probe  
  192  16:41  Probe x2  
  192  16:45  Photon Cannon  
  195  16:47  Photon Cannon  
  195  16:51  High Templar, Photon Cannon  
  195  16:52  High Templar x3  
  124  17:23  Stalker x4  
  124  17:24  Stalker x4  
  128  17:40  Tempest x2  
  132  17:52  Immortal (Chrono Boost)  
  132  17:57  Immortal (Chrono Boost), Probe  
  140  18:01  Assimilator  
  140  18:02  Assimilator  
  140  18:04  Tempest  
  140  18:05  Photon Cannon  
  145  18:27  Tempest  
  145  18:31  Pylon  
  149  18:36  Tempest  
  153  18:42  High Templar x2  
  157  18:54  Nexus  
  157  18:56  Probe x2, Pylon  
  157  18:57  Probe x2  
  157  18:58  Assimilator, Probe x2  
  157  19:01  Assimilator  
  163  19:03  High Templar x2  
  163  19:07  Archon  
  167  19:10  Tempest  
  170  19:22  High Templar x2  
  172  19:28  Oracle  
  175  19:36  Zealot x6  
  187  19:42  Archon  
  181  20:03  Oracle  
  184  20:09  High Templar x3  
  184  20:10  High Templar  
  190  20:17  Oracle  
  159  20:29  Probe  
  159  20:30  Tempest, Probe  
  159  20:31  Probe x3  
  162  20:40  Zealot x4  
  171  20:46  Archon  
  136  21:25  Immortal (Chrono Boost)  
  127  21:27  Carrier x2  
  127  21:30  Immortal (Chrono Boost)  
  133  21:33  Probe  
  133  21:34  Probe x2  
  136  21:42  Pylon  
  136  21:47  Stalker, Pylon  
  136  21:48  Stalker  
  136  21:52  Probe  
  141  21:57  Zealot  
  143  22:02  Stalker  
  143  22:03  Stalker x2, Probe  
  146  22:13  Probe  
  140  22:24  Probe  
  140  22:25  High Templar x3  
  141  23:03  Zealot x3  
  141  23:04  Zealot x5  
  65  23:43  Immortal (Chrono Boost)  
  65  23:46  Stalker x4  
  65  23:47  Stalker x4  
  65  23:48  Immortal (Chrono Boost)  
  89  24:14  Photon Cannon  
  89  24:17  Pylon  
  89  24:20  High Templar x4  
  97  24:25  Immortal (Chrono Boost)  
  97  24:30  Nexus  
  101  24:34  Immortal (Chrono Boost)  
  103  24:41  Stalker  
  104  24:54  Pylon  
  104  24:59  Zealot  
  106  25:00  Zealot x5  
  116  25:10  Immortal (Chrono Boost)  
  107  25:23  Probe  
  107  25:24  Probe x2  
  107  25:25  Probe x3  
  112  25:41  Probe x2  
  112  25:43  Probe x3  
  113  25:51  Adept  
  113  25:52  Adept  
  80  26:16  Stalker x4  
  80  26:18  High Templar x2  
Tags
 
Add a new tag
Caveats
  • Supply blocks, unpowered buildings, or Contaminate may cause inaccurate times.
  • Supply counts are checked every 10 seconds.